 Dungeon Crawl Stone Soup version 0.25-a0-972-g74ed164fb1 (console) character file.

Game seed: 7997330654936299511, levelgen mode: classic

210 Duffy the Chopper (level 5, -2/49 HPs)
             Began as a Naga Fighter on May 9, 2020.
             Killed by divine providence
             ... invoked by an orc priest
              (10 damage)
             ... on level 3 of the Dungeon.
             The game lasted 00:02:36 (2616 turns).

Duffy the Chopper (Naga Fighter)                    Turns: 2616, Time: 00:02:36

Health: -2/49      AC:  5    Str: 18    XL:     5   Next: 87%
Magic:  5/5        EV:  5    Int:  9    God:
Gold:   55         SH:  9    Dex: 11    Spells: 4/4 levels left

rFire    . . .     SeeInvis +   a - +0 war axe
rCold    . . .     Gourm    .   c - +0 kite shield
rNeg     . . .     Faith    .   b - +0 scale mail
rPois    +         Spirit   .   (no helmet)
rElec    .         Reflect  .   (no cloak)
rCorr    .         Harm     .   (no gloves)
MR       .....                  (no barding)
Stlth    ..........             (no amulet)
HPRegen  0.16/turn              (no ring)
MPRegen  0.09/turn              (no ring)

@: short of breath, very slow
A: large, see invisible, deformed body, poison resistance, slowness 2, slow
metabolism 1, spit poison 1, AC +1
a: Spit Poison


You were on level 3 of the Dungeon.
You were not hungry.

You visited 1 branch of the dungeon, and saw 4 of its levels.

You collected 55 gold pieces.

Inventory:

Hand Weapons
 a - a +0 war axe (weapon)
Armour
 b - a +0 scale mail (worn)
 c - a +0 kite shield (worn)
Potions
 d - a potion of might
 g - a potion of brilliance
Comestibles
 f - a ration
 h - 3 chunks of flesh


   Skills:
 - Level 3.0 Fighting
 + Level 4.3 Axes
 - Level 2.4 Armour
 + Level 4.1 Shields


You had 4 spell levels left.
You didn't know any spells.
Your spell library was empty.

Dungeon Overview and Level Annotations

Branches:
Dungeon (4/15)
 Temple: D:4-7

Altars:
Elyvilon

Annotations:
D:2 Natasha


Innate Abilities, Weirdness & Mutations

You cannot wear boots.
Your serpentine skin is tough. (AC +1)
You have supernaturally acute eyesight. (SInv)
Armour fits poorly on your strangely shaped body.
Your system is resistant to poisons. (rPois)
You cover ground very slowly.
You have a slow metabolism.
You can spit poison.


Message History

You block the orc's attack.
You slash the orc priest!
The orc priest is heavily wounded.
You closely miss the orc wizard. You hit the orc wizard.
The orc wizard completely misses you.
The orc priest hits you with a +0 hand axe!
The orc wizard hits you but does no damage.
The orc barely misses you. You block the orc wizard's attack.
The orc wizard hits you but does no damage.
You barely miss the orc priest.
The orc priest is heavily wounded.
You hit the orc wizard. You miss the orc wizard.
You block the orc priest's attack.
The orc hits you from afar with a +0 trident.
The orc wizard hits you but does no damage.
The orc wizard mumbles some strange words.
The orc wizard seems to speed up.
The orc priest invokes the aid of Beogh against you.
Beogh smites you!
You die...

..........#############.........# #
.###...................########.###
.#...........?.........###### #..##
.#[.#.###...................# ##.##
....#.# ...................# #..#
###.#.. ..................# ##.#
#(##### ##.....###.......# #.)
#.#...# #.....# #.......######.
#.(...# #...o@# #..............
###.### #...oo# #......#######.
##.#######....o# #.............#
#.......##.....# #.......##.....
####.......##.....# ........##.##.#
.<##.......##.....# .. #.#
####.......##.....# .. #..
...........##...... . ###
############


You could see an orc priest, 2 orc wizards and an orc.

Vanquished Creatures
  Sigmund (D:3)
  An ooze (D:1)
  2 worms
  A dart slug (D:3)
  A leopard gecko (D:2)
  3 orcs
  2 giant cockroaches (D:2)
  3 hobgoblins
  3 jackals (D:2)
  A quokka (D:3)
  6 bats
  3 frilled lizards
  5 goblins
  A jackal skeleton (D:4)
  3 kobolds
  3 rats
39 creatures vanquished.

Notes
Turn   | Place    | Note
-------+----------+-------------------------------------------
     0 | D:1      | Duffy the Naga Fighter began the quest for the Orb.
     0 | D:1      | Reached XP level 1. HP: 21/21 MP: 1/1
   302 | D:1      | Reached XP level 2. HP: 28/28 MP: 2/2
  1112 | D:2      | Reached XP level 3. HP: 16/34 MP: 3/3
  1506 | D:2      | Noticed Natasha
  2019 | D:3      | Noticed Sigmund
  2289 | D:3      | Killed Sigmund
  2289 | D:3      | Reached XP level 4. HP: 35/42 MP: 4/4
  2289 | D:3      | Reached XP level 5. HP: 40/49 MP: 5/5
  2402 | D:3      | Found a white marble altar of Elyvilon.
  2616 | D:3      | Killed from afar by an orc priest

Illustrated notes

Levels and vault maps discovered:
D:1:      lightli_arrival_isolated_outpost, layout_basic
D:2:      layout_loops_corners, uniq_natasha
D:3:      lemuel_castle_with_subvaults [lemuel_castle_interior_carwin_3],
          layout_basic, overflow_temple_1_default, uniq_jessica, uniq_sigmund
D:4:      cheibrodos_quashed, layout_basic, old_standard_altar,
          kennysheep_mini_moat, minmay_temple_entry_sparse_star,
          kennysheep_generic_room_12, uniq_eustachio

Skill      XL: |  1  2  3 |
---------------+----------+-----
Shields        | 3 4 |  4.1
Axes           | 4 |  4.3
Fighting       | |  3.0
Armour         | |  2.4

Action                   |  1- 3 |  4- 6 || total
-------------------------+-------+-------++-------
Melee: War axe           |    88 |    37 ||   125
 Abil: Spit Poison       |     7 |     4 ||    11
  Use: Scroll            |     4 |       ||     4
  Eat: Chunk             |     2 |     2 ||     4
Armor: Scale mail        |    41 |    27 ||    68
Dodge: Dodged            |    26 |     9 ||    35
Block: Kite shield       |    49 |    22 ||    71

Table legend:
 A = Non-vault XP
 B = Vault XP
 C = Vault XP percentage of total XP
 D = Non-vault monster count
 E = Vault monster count
 F = Vault count percentage of total count
                 A         B        C        D         E       F
            +---------+---------+-------+---------+---------+-------
      Total |      77 |     223 |  74.3 |      38 |       1 |   2.6
            +---------+---------+-------+---------+---------+-------
        D:1 |      18 |       0 |   0.0 |      10 |       0 |   0.0
        D:2 |      32 |       0 |   0.0 |      15 |       0 |   0.0
        D:3 |      26 |     223 |  89.6 |      12 |       1 |   7.7
        D:4 |       1 |       0 |   0.0 |       1 |       0 |   0.0
            +---------+---------+-------+---------+---------+-------
